 Dungeon Crawl Stone Soup version 0.27.1-34-g3ba077fa99 (webtiles) character file.

Game seed: 17450540356916694030

28 sankara the Cudgeller (level 3, 0/31 HPs)
             Began as a Minotaur Monk on Jan 18, 2022.
             Succumbed to an adder's poison
             ... on level 2 of the Dungeon.
             The game lasted 00:01:27 (1104 turns).

sankara the Cudgeller (Minotaur Monk)               Turns: 1104, Time: 00:01:28

Health: 0/31       AC:  2    Str: 15    XL:     3   Next: 0%
Magic:  2/2        EV: 13    Int:  7    God:
Gold:   35         SH:  0    Dex: 13    Spells: 2/2 levels left

rFire    . . .     SeeInvis .   a - +0 mace
rCold    . . .     Faith    .   (no shield)
rNeg     . . .     Spirit   .   b - +0 robe
rPois    .         Reflect  .   (helmet restricted)
rElec    .         Harm     .   (no cloak)
rCorr    .         Rampage  .   (no gloves)
Will     .....                  (no boots)
Stlth    ++........             (no amulet)
HPRegen  0.10/turn              (no ring)
MPRegen  0.08/turn              (no ring)

@: lethally poisoned (0 -> -5)
A: horns 2, retaliatory headbutt
a: no special abilities


You were on level 2 of the Dungeon.
You visited 1 branch of the dungeon, and saw 2 of its levels.

You collected 35 gold pieces.

Inventory:

Hand Weapons
 a - a +0 mace (weapon)
Missiles
 h - 18 sling bullets
Armour
 b - a +0 robe (worn)
Scrolls
 d - a scroll of identify {unknown}
 e - a scroll of teleportation {unknown}
Potions
 c - a potion of cancellation {unknown}
 f - a potion of lignification {unknown}
 g - a potion of flight {unknown}
 i - a potion of brilliance {unknown}
 j - a potion of curing {unknown}


   Skills:
 - Level 3.6 Fighting
 * Level 5.1 Maces & Flails
 - Level 3.2 Dodging
 - Level 1.5 Stealth


You had 2 spell levels left.
You didn't know any spells.
Your spell library was empty.

Dungeon Overview and Level Annotations

Branches:
Dungeon (2/15)

Altars:


Innate Abilities, Weirdness & Mutations

You have a pair of horns on your head.
You reflexively headbutt those who attack you in melee.


Message History

A worm is nearby!
An adder comes into view.
The adder hisses angrily.
You hit the worm.
The worm is moderately wounded.
The worm completely misses you.
You hit the worm. You headbutt the worm.
The worm is severely wounded.
The adder barely misses you. The adder closely misses you.
You barely miss the worm.
The worm is severely wounded.
The adder bites you.
You are poisoned.
The adder poisons you! The worm barely misses you.
You hit the worm.
The worm is almost dead.
You feel sick. The adder bites you but does no damage. The worm bites you!
The adder bites you.
You are too injured to fight recklessly!
You are too injured to fight recklessly!
You are too injured to fight recklessly!
You hit the worm.
You kill the worm!
You feel sick. The adder bites you.
* * * LOW HITPOINT WARNING * * *
You have reached level 3!
Your experience leads to an increase in your attributes!
Increase (S)trength, (I)ntelligence, or (D)exterity?
You feel agile.
You hit the adder but do no damage.
You feel sick. The adder barely misses you. The adder closely misses you.
You barely miss the adder. Your headbutt misses the adder.
You feel sick.
You are no longer poisoned.
The adder barely misses you.
You closely miss the adder. The adder bites you.
* * * LOW HITPOINT WARNING * * *
You are lethally poisoned!
The adder poisons you! The adder barely misses you.
You closely miss the adder. Your headbutt misses the adder.
You die...

♣.# ..# .P ...#
.. ...# P ##..#
. ♣. ...###.#
.P.♣♣.♣......
..P...S#..###.#
♣†@......#
♣PP.#######
♣PP..♣♣........
♣.P.♣♣♣..######
♣♣♣P♣...<.#
♣.......#
P.........#
..........#
..........#


You could see an adder.

Vanquished Creatures
  A worm (D:2)
  2 bats (D:1)
  An endoplasm (D:1)
  2 giant cockroaches (D:1)
  3 goblins (D:1)
  A hobgoblin (D:1)
  4 jackals (D:1)
  2 kobolds (D:1)
  3 ball pythons (D:1)
  3 rats (D:1)
22 creatures vanquished.

Notes
Turn   | Place    | Note
-------+----------+-------------------------------------------
     0 | D:1      | sankara the Minotaur Monk began the quest for the Orb.
     0 | D:1      | Reached XP level 1. HP: 19/19 MP: 0/0
   187 | D:1      | Reached skill level 4 in Maces & Flails
   283 | D:1      | Found a faded altar of an unknown god.
   309 | D:1      | Reached XP level 2. HP: 25/26 MP: 1/1
   793 | D:1      | Reached skill level 5 in Maces & Flails
  1101 | D:2      | Reached XP level 3. HP: 6/31 MP: 2/2
  1104 | D:2      | Succumbed to an adder's poison

Illustrated notes

Levels and vault maps discovered:
D:1:      psy_arrival_conway, layout_basic, basic_ecumenical_altar,
          minmay_misc_feat_chi
D:2:      wad_woods_stonehenge, layout_basic, serial_shops, nicolae_square_shop,
          uniq_crazy_yiuf_cottage, uniq_natasha

Skill      XL: |  1  2 |
---------------+-------+-----
Maces & Flails | 4 5 |  5.1
Fighting       | |  3.6
Dodging        | |  3.2
Stealth        | |  1.5

Action                   || total
-------------------------++-------
Melee: Mace              ||    48
       Headbutt          ||     6
 Stab: Sleeping          ||     3
Armor: Robe              ||    10
Dodge: Dodged            ||    24
